[Event "Titled Tuesday Blitz December 20 Early 2022"]
[White "Sapon, Ilia"]
[Black "biostatistician"]
[WhiteFideId "13504746"]
[WhiteElo "2074"]
[BlackElo "2574"]
[Result "1-0"]
[Round "05"]
[TimeControl "180+2"]
[Date "2022.12.20"]
[WhiteClock "0:00:18"]
[BlackClock "0:00:55"]

1. e4 e5 2. Nf3 Nc6 3. Nc3 Nf6 4. Bb5 Bb4 5. O-O O-O 6. d3 d6 7. Ne2 Ne7 8. Ng3 c6 9. Ba4 Ng6 10. c3 Ba5 11. h3 d5 12. Qe2 Bc7 13. Bb3 Re8 14. Bg5 Be6 15. Nh5 dxe4 16. dxe4 Bxb3 17. axb3 Re6 18. Rad1 Qf8 19. Bxf6 gxf6 20. Rd2 Qh6 21. Ng3 Nf4 22. Qd1 Bb6 23. Kh2 Kh8 24. Nf5 Qg6 25. N3h4 Qg5 26. g3 Rg8 27. gxf4 Qxf4+ 28. Kh1 Qxe4+ 29. Qf3 Qxf3+ 30. Nxf3 e4 31. N3d4 Bxd4 32. Rxd4 Re5 33. Nh6 Rf8 34. Rg1 Ree8 35. Rd7 e3 36. fxe3 Rxe3 37. Nxf7+ Rxf7 38. Rd8+ 1-0


[Site "https://www.chess.com"]

[Event "Titled Tuesday Blitz December 20 Early 2022"]
[White "Schattmann, Alfred"]
[Black "Harry_Rakkel"]
[WhiteFideId "4662377"]
[WhiteElo "1746"]
[BlackElo "2611"]
[Result "0-1"]
[Round "05"]
[TimeControl "180+2"]
[Date "2022.12.20"]
[WhiteClock "0:00:03"]
[BlackClock "0:00:26"]

1. c4 e5 2. Nc3 Nc6 3. Nf3 Nf6 4. g3 d5 5. cxd5 Nxd5 6. Bg2 Nb6 7. O-O Be7 8. d3 O-O 9. b3 f5 10. Bb2 Bf6 11. e4 f4 12. Nd5 fxg3 13. hxg3 Bg4 14. Nxb6 axb6 15. Qd2 Bxf3 16. Bxf3 Be7 17. Bg4 Bc5 18. Be6+ Kh8 19. Bd5 Nd4 20. Bxd4 Bxd4 21. Rac1 c6 22. Be6 Qd6 23. Bh3 Rf6 24. Rc2 Raf8 25. Qe1 Rg6 26. Kg2 Qf6 27. Qe2 Qg5 28. Bf5 Rh6 29. Rh1 Rxh1 30. Kxh1 g6 31. f4 exf4 32. Rc4 c5 33. Bh3 fxg3 34. Rxd4 cxd4 35. Qb2 Qe3 0-1


[Site "https://www.chess.com"]

[Event "Titled Tuesday Blitz December 20 Early 2022"]
[White "Shironin, Daniil Aleks"]
[Black "AsaHoffmann"]
[WhiteFideId "55812198"]
[WhiteElo "2115"]
[BlackElo "2376"]
[Result "0-1"]
[Round "05"]
[TimeControl "180+2"]
[Date "2022.12.20"]
[WhiteClock "0:00:01"]
[BlackClock "0:00:36"]

1. e4 d6 2. d4 Nf6 3. Nc3 c6 4. Nf3 Bg4 5. Be2 e6 6. O-O d5 7. e5 Nfd7 8. Ng5 Bf5 9. g4 Bg6 10. f4 Be7 11. Nh3 f5 12. exf6 Bxf6 13. g5 Be7 14. Bg4 Bf5 15. Re1 O-O 16. Qe2 Re8 17. Bxf5 exf5 18. Qe6+ Kh8 19. Qxf5 Na6 20. Bd2 Rf8 21. Qe6 Bb4 22. a3 Nc7 23. Qg4 Bd6 24. f5 Re8 25. Qh5 Bf8 26. g6 h6 27. Ng5 Nf6 28. Qh3 Qd7 29. Nf7+ Kg8 30. Bf4 Rxe1+ 31. Rxe1 Re8 32. Rxe8 Ncxe8 33. Kf2 Bd6 34. Ne5 Bxe5 35. dxe5 Ne4+ 36. Nxe4 dxe4 37. Qg4 Qd4+ 38. Be3 Qxe5 39. h4 Nf6 40. Qh3 Nd5 41. Ke2 Qxb2 42. f6 Qxc2+ 43. Ke1 Qc3+ 0-1


[Site "https://www.chess.com"]

[Event "Titled Tuesday Blitz December 20 Early 2022"]
[White "Shuvalov, Evgenij"]
[Black "LileKoridze"]
[WhiteFideId "4187237"]
[WhiteElo "2038"]
[BlackElo "2345"]
[Result "0-1"]
[Round "05"]
[TimeControl "180+2"]
[Date "2022.12.20"]
[WhiteClock "0:00:03"]
[BlackClock "0:00:05"]

1. d4 Nf6 2. c4 e6 3. Nf3 d5 4. Nc3 Bb4 5. Bg5 O-O 6. e3 h6 7. Bxf6 Qxf6 8. Rc1 c5 9. dxc5 dxc4 10. Bxc4 Nd7 11. c6 bxc6 12. O-O Bxc3 13. Rxc3 c5 14. Qd2 Nb6 15. Be2 Qe7 16. Rfc1 Bb7 17. Rxc5 Rfd8 18. Qc2 Rac8 19. Rc7 Qb4 20. a3 Qa5 21. Qc5 Rxc7 22. Qxc7 Rc8 23. Qxc8+ Bxc8 24. Nd4 Qd2 25. Rd1 Qxb2 26. Bf3 Qxa3 27. Nb5 Qb3 28. Nxa7 Ba6 29. h3 g6 30. Nc6 Kg7 31. Nd4 Qb4 32. Nc6 Qc5 33. Nd4 e5 34. Nb3 Qc2 35. Nd2 Bb7 36. Rf1 Bxf3 37. Nxf3 Nc4 38. g3 Qf5 39. Kg2 Qe4 40. Rd1 g5 41. g4 h5 42. Kg3 h4+ 43. Kg2 Qc6 44. Rc1 Qd5 45. Rc2 Qd3 46. Rxc4 Qxc4 47. Nxg5 Kg6 48. Nf3 Qd5 49. e4 Qxe4 50. g5 f6 51. gxf6 Kxf6 52. Kg1 Qxf3 0-1


[Site "https://www.chess.com"]

[Event "Titled Tuesday Blitz December 20 Early 2022"]
[White "Skoularikis, Fotios"]
[Black "Andrii_Prydun"]
[WhiteFideId "4200500"]
[WhiteElo "2223"]
[BlackElo "2387"]
[Result "1-0"]
[Round "05"]
[TimeControl "180+2"]
[Date "2022.12.20"]
[WhiteClock "0:00:35"]
[BlackClock "0:00:14"]

1. e4 c6 2. d4 d5 3. e5 Bf5 4. Nf3 e6 5. Be2 Ne7 6. O-O h6 7. Nbd2 Nd7 8. Nb3 g5 9. a4 Ng6 10. a5 g4 11. Ne1 h5 12. Nd3 Be7 13. a6 b6 14. Bd2 Bg5 15. Rc1 Qe7 16. c4 O-O 17. cxd5 cxd5 18. Bb4 Qd8 19. Bxf8 Ndxf8 20. Rc3 Rc8 21. g3 Rxc3 22. bxc3 Nh7 23. h4 gxh3 24. Bxh5 Be7 25. Kh2 Ng5 26. f4 Ne4 27. Qf3 Nxc3 28. Rc1 Be4 29. Qe3 Nb5 30. Nf2 Ba3 31. Ra1 Bb2 32. Ra2 Bc3 33. Nxe4 dxe4 34. Qxe4 Ne7 35. Be2 Nxd4 36. Nxd4 Qxd4 37. Qxd4 Bxd4 38. Rd2 Bc5 39. Rd7 Nc6 40. Kxh3 Nd4 41. Bh5 b5 42. Bxf7+ Kh8 43. Rxd4 Bxd4 44. Bxe6 Kg7 45. Bb3 Kg6 46. Kg4 Kg7 47. Kf5 Kf8 48. g4 Kg7 49. g5 Bc5 50. Ke4 Be7 51. Kf3 Bc5 52. f5 Bd4 53. Ke4 Bc3 54. f6+ Kg6 55. e6 Bxf6 56. gxf6 Kxf6 57. Kd5 Ke7 58. Kc5 b4 59. Kxb4 1-0


[Site "https://www.chess.com"]

[Event "Titled Tuesday Blitz December 20 Early 2022"]
[White "Slovak_fighter2000"]
[Black "politeplayer"]
[WhiteElo "2466"]
[BlackElo "2244"]
[Result "1-0"]
[Round "05"]
[TimeControl "180+2"]
[Date "2022.12.20"]
[WhiteClock "0:00:01"]
[BlackClock "0:00:04"]

1. e4 e5 2. Nf3 Nf6 3. Nc3 Bb4 4. Bc4 Bxc3 5. dxc3 O-O 6. Bg5 d6 7. O-O Bg4 8. h3 Bh5 9. g4 Bg6 10. Bd3 Nbd7 11. c4 Nc5 12. Nd2 Ne6 13. Bh4 Nf4 14. Kh2 h6 15. f3 Nxg4+ 16. fxg4 Qxh4 17. Qf3 h5 18. Qg3 Qxg3+ 19. Kxg3 hxg4 20. hxg4 f6 21. b3 Kf7 22. Nf3 Rh8 23. Rh1 Rxh1 24. Rxh1 a5 25. a4 b6 26. Nh4 Rh8 27. Rf1 Ne6 28. Rf2 Nc5 29. Re2 c6 30. Re3 Bh7 31. Nf3 g5 32. Nd2 Ne6 33. c5 bxc5 34. Nc4 Ke7 35. Nxa5 Nf4 36. Nxc6+ Kd7 37. Bb5 Kc7 38. Na5 Bg6 39. Bf1 Rh1 40. Bd3 Rh3+ 41. Kf2 Rh2+ 42. Kf3 Rh3+ 43. Kf2 Rh2+ 44. Kg1 Rd2 45. Nc4 Rd1+ 46. Kf2 Rh1 47. Na3 Rh2+ 48. Kg1 Rg2+ 49. Kf1 Rxg4 50. Nb5+ Kd7 51. Bc4 Rh4 52. a5 Rh1+ 53. Kf2 Bh5 54. a6 Rh2+ 55. Kf1 Rxc2 56. a7 Ra2 57. b4 cxb4 58. Bxa2 1-0


[Site "https://www.chess.com"]

[Event "Titled Tuesday Blitz December 20 Early 2022"]
[White "Sokolov, Ivan"]
[Black "VitorBronson"]
[WhiteFideId "14400030"]
[WhiteElo "2590"]
[BlackElo "2459"]
[Result "0-1"]
[Round "05"]
[TimeControl "180+2"]
[Date "2022.12.20"]
[WhiteClock "0:00:02"]
[BlackClock "0:00:28"]

1. b3 Nf6 2. Bb2 d5 3. e3 Bg4 4. Nf3 e6 5. d4 c6 6. Nbd2 Nbd7 7. Bd3 Bd6 8. c4 O-O 9. Qc2 Bh5 10. Ne5 Bg6 11. Nxg6 fxg6 12. Nf3 Qe7 13. O-O-O c5 14. dxc5 Nxc5 15. Kb1 Nxd3 16. Qxd3 Ne4 17. Rhf1 Nc5 18. Qd4 Rf5 19. cxd5 Rxd5 20. Qc4 Rxd1+ 21. Rxd1 a6 22. Qd4 Rd8 23. Rc1 Nd7 24. Rd1 Nf6 25. Qc4 h6 26. Nd4 Re8 27. Nxe6 Qxe6 28. Rxd6 Qxc4 29. bxc4 Ne4 30. Rb6 Re7 31. f3 Nd2+ 32. Kc2 Nxc4 33. Rb3 Nxe3+ 34. Kd3 Nxg2 35. Bc1 Ne1+ 36. Kc4 b5+ 37. Kd5 Rf7 38. f4 Ng2 39. Rf3 Nh4 40. Re3 Rxf4 41. Re8+ Rf8 42. Re6 Rf6 43. Re7 Nf5 44. Ra7 g5 45. Bb2 Rg6 46. Ke5 Ne3 47. Ke4 Nc4 48. Bd4 g4 49. Kf5 Kh7 50. Kf4 h5 51. Kg3 Nd2 52. Be5 Nf3 53. Bc3 h4+ 54. Kg2 Ng5 55. Re7 Ne6 56. Be5 Nc5 57. Kf2 Nd3+ 58. Ke3 Nxe5 59. Rxe5 g3 60. Rh5+ Kg8 61. h3 g2 0-1


[Site "https://www.chess.com"]

[Event "Titled Tuesday Blitz December 20 Early 2022"]
[White "Sovetov, Oleksandr"]
[Black "UnknownMagician"]
[WhiteFideId "34105786"]
[WhiteElo "1976"]
[BlackElo "2635"]
[Result "1-0"]
[Round "05"]
[TimeControl "180+2"]
[Date "2022.12.20"]
[WhiteClock "0:01:34"]
[BlackClock "0:00:36"]

1. Nf3 d5 2. e3 c6 3. c4 Nf6 4. Nc3 e6 5. b3 Nbd7 6. Bb2 Bd6 7. Qc2 Qe7 8. d4 O-O 9. Be2 e5 10. cxd5 cxd5 11. dxe5 Nxe5 12. Nb5 Bb4+ 13. Bc3 Nc6 14. Bxb4 Qxb4+ 15. Qc3 Qe7 16. O-O Ne4 17. Qb2 Bg4 18. h3 Bh5 19. Rfd1 Rfd8 20. Rac1 Rac8 21. Nfd4 Bxe2 22. Nxe2 a6 23. Nbd4 Ne5 24. Rxc8 Rxc8 25. Nf4 Nc3 26. Rc1 Qc5 27. Nde2 Nxe2+ 28. Nxe2 1-0


[Site "https://www.chess.com"]

[Event "Titled Tuesday Blitz December 20 Early 2022"]
[White "Steegersee"]
[Black "dirk_da_player"]
[WhiteElo "2425"]
[BlackElo "2339"]
[Result "1-0"]
[Round "05"]
[TimeControl "180+2"]
[Date "2022.12.20"]
[WhiteClock "0:00:55"]
[BlackClock "0:00:06"]

1. b3 Nf6 2. Bb2 d5 3. Nf3 c5 4. e3 g6 5. c4 e6 6. cxd5 exd5 7. Bb5+ Nc6 8. d4 Bg7 9. O-O cxd4 10. Nxd4 Bd7 11. Nc3 O-O 12. Bxc6 bxc6 13. Na4 Ne4 14. Rc1 Rc8 15. b4 a5 16. a3 axb4 17. axb4 Qe7 18. Ba3 Ra8 19. Ra1 Rfb8 20. Qc2 Ra6 21. Nc5 Nxc5 22. bxc5 Rba8 23. Bb2 Ra5 24. Rxa5 Rxa5 25. Rc1 Bf8 26. Nb3 Rb5 27. Bd4 Qe4 28. Qc3 Be6 29. Nd2 Qg4 30. f3 Qh5 31. Rb1 Rxb1+ 32. Nxb1 Qg5 33. Na3 Bh3 34. Qd2 h5 35. Nc2 Bf5 36. Nb4 Qf6 37. Bxf6 1-0


[Site "https://www.chess.com"]

[Event "Titled Tuesday Blitz December 20 Early 2022"]
[White "Sunny_Star"]
[Black "Nyambe, Maketo"]
[BlackFideId "8700915"]
[WhiteElo "2241"]
[BlackElo "2091"]
[Result "0-1"]
[Round "05"]
[TimeControl "180+2"]
[Date "2022.12.20"]
[WhiteClock "0:00:00"]
[BlackClock "0:00:53"]

1. e4 c5 2. Nf3 d6 3. d4 cxd4 4. Nxd4 Nf6 5. Nc3 a6 6. a4 e6 7. Be2 Be7 8. O-O O-O 9. Be3 Qc7 10. f4 b6 11. Bf3 Bb7 12. Nb3 Nbd7 13. Qe2 Rac8 14. a5 b5 15. Bd4 b4 16. e5 bxc3 17. exf6 Bxf6 18. bxc3 Rfe8 19. Bxb7 Qxb7 20. Rf3 e5 21. fxe5 dxe5 22. Bf2 e4 23. Rg3 Rxc3 24. Be3 Rxb3 25. Rf1 Ba1 26. cxb3 Be5 27. Qg4 Bxg3 28. Qxg3 Nf8 29. Qf2 Ng6 30. Bb6 h5 31. Qe2 h4 32. b4 Re5 33. Qc4 e3 34. Bd4 Rg5 35. Qc2 Qe7 36. Bc5 Qe6 37. Re1 Re5 38. Re2 Nf4 39. Re1 e2 0-1


[Site "https://www.chess.com"]

[Event "Titled Tuesday Blitz December 20 Early 2022"]
[White "Szpar, Milosz"]
[Black "newyorkmouse"]
[WhiteFideId "1184989"]
[WhiteElo "2447"]
[BlackElo "2457"]
[Result "0-1"]
[Round "05"]
[TimeControl "180+2"]
[Date "2022.12.20"]
[WhiteClock "0:00:07"]
[BlackClock "0:00:06"]

1. e4 c5 2. Nf3 d6 3. d4 cxd4 4. Nxd4 Nf6 5. Nc3 a6 6. h3 b5 7. g4 Bb7 8. Bg2 Nc6 9. Nde2 h6 10. O-O e6 11. Be3 Be7 12. Ng3 Rc8 13. f4 Qc7 14. g5 hxg5 15. fxg5 Nd7 16. g6 f6 17. Nh5 Kf8 18. Nf4 Nd8 19. Qg4 Ne5 20. Nxe6+ Nxe6 21. Qxe6 Qc4 22. Nd5 Bxd5 23. exd5 Nxg6 24. Rae1 Re8 25. Bb6 Nf4 26. Rxf4 Qxf4 27. Bd8 Qd4+ 28. Kh1 Qa7 29. Ba5 Rh5 30. Bc3 Qb8 31. Qg4 Rg5 32. Qh4 Qc8 33. Re6 Kf7 34. Qe1 Qc4 35. Re4 Qc5 36. h4 Rxd5 37. b4 Qc6 38. Rd4 Bf8 39. Qg1 Rxd4 40. Bxc6 Rxh4+ 41. Kg2 Rg4+ 42. Kf2 Rxg1 43. Bd5+ Ke7 44. Kxg1 Kd7 45. Bd4 Rc8 46. c3 Be7 47. Bb7 Rc7 48. Bxa6 Kc6 49. Kf2 d5 50. Ke2 Bd6 51. Kd3 Be5 52. Be3 g5 53. a4 bxa4 54. Bc5 g4 55. c4 dxc4+ 56. Kxc4 Kd7 57. Bb5+ Ke6 58. Bxa4 g3 59. Kd3 g2 60. Bb3+ Kf5 61. Be3 Rc3+ 62. Kd2 Rxe3 63. Kxe3 g1=Q+ 64. Kd3 Qb6 65. Kc4 Bd6 66. Bc2+ Ke5 67. b5 Qc5+ 68. Kd3 Qxb5+ 69. Kd2 Qc5 70. Bd3 Qd4 71. Ke2 Bb4 72. Bh7 Kf4 73. Kf1 Qd2 74. Be4 Kg3 75. Bg2 Qe1# 0-1


[Site "https://www.chess.com"]

[Event "Titled Tuesday Blitz December 20 Early 2022"]
[White "TERMINATOR_PC"]
[Black "Misanik, Peter"]
[BlackFideId "14921421"]
[WhiteElo "2620"]
[BlackElo "1785"]
[Result "0-1"]
[Round "05"]
[TimeControl "180+2"]
[Date "2022.12.20"]
[WhiteClock "0:00:02"]
[BlackClock "0:02:24"]

1. e4 c5 2. Nf3 d6 3. d4 cxd4 4. Nxd4 Nf6 5. Nc3 a6 6. Be2 e5 7. Nf3 Be7 8. Bg5 Nbd7 9. a4 Qb6 10. Ra3 h6 11. Be3 Qa5 12. O-O d5 13. Nxd5 Nxd5 14. exd5 Bxa3 15. bxa3 Qxa4 16. Qa1 O-O 17. Nxe5 Nxe5 18. Qxe5 Re8 19. Qg3 Kh8 20. Bh5 Qxa3 21. Bxf7 Rf8 22. Bg6 Bf5 23. Bxf5 Rxf5 24. Qg4 Rxd5 25. c4 Rd3 26. Bf4 Qe7 27. Bg3 Re8 28. Qg6 Qe4 29. h4 Qxg6 0-1


[Site "https://www.chess.com"]

[Event "Titled Tuesday Blitz December 20 Early 2022"]
[White "Talcrifice"]
[Black "Gnechko_Ruslan"]
[WhiteElo "2621"]
[BlackElo "2448"]
[Result "1-0"]
[Round "05"]
[TimeControl "180+2"]
[Date "2022.12.20"]
[WhiteClock "0:01:04"]
[BlackClock "0:00:03"]

1. d4 Nf6 2. c4 e6 3. g3 d5 4. Bg2 Be7 5. Nf3 O-O 6. O-O dxc4 7. Qc2 a6 8. a4 Bd7 9. Qxc4 Bc6 10. Bg5 Bd5 11. Qc2 Be4 12. Qc1 c5 13. dxc5 Nbd7 14. Rd1 Rc8 15. b4 a5 16. Nbd2 axb4 17. Bxf6 Bxf6 18. Nxe4 Bxa1 19. Qxa1 Qc7 20. Qb2 Nxc5 21. Qxb4 Nxe4 22. Qxe4 Rfd8 23. Rb1 h6 24. h4 b6 25. Ne5 Rd5 26. Nd3 Ra5 27. Rb4 Qd6 28. Bf3 f5 29. Qd4 Qxd4 30. Rxd4 Kf7 31. Rb4 Rb8 32. e4 g6 33. h5 gxh5 34. Bxh5+ Kf6 35. Bf3 fxe4 36. Bxe4 Ra7 37. Kg2 Ra6 38. Bf3 Ra5 39. Rh4 Kg6 40. Nf4+ 1-0


[Site "https://www.chess.com"]

[Event "Titled Tuesday Blitz December 20 Early 2022"]
[White "The_Machine04"]
[Black "bardiya_Daneshvar"]
[WhiteElo "2652"]
[BlackElo "2903"]
[Result "0-1"]
[Round "05"]
[TimeControl "180+2"]
[Date "2022.12.20"]
[WhiteClock "0:00:03"]
[BlackClock "0:00:10"]

1. d4 Nf6 2. Nf3 g6 3. Nbd2 Bg7 4. e4 d6 5. Bc4 O-O 6. O-O Nc6 7. c3 e5 8. dxe5 Nxe5 9. Nxe5 dxe5 10. a4 Qe7 11. b3 Rd8 12. Qe2 Nh5 13. g3 Be6 14. Ba3 Qd7 15. Rfd1 Bf8 16. Bxf8 Kxf8 17. Nf3 Bxc4 18. Qxc4 Qe7 19. a5 a6 20. Rd5 f6 21. Rad1 c6 22. Rxd8+ Rxd8 23. Rxd8+ Qxd8 24. Qc5+ Qe7 25. Qa7 Ng7 26. Qb8+ Ne8 27. Nd2 Qc7 28. Qa8 Qxa5 29. Qxb7 Qxc3 30. Nc4 Qe1+ 31. Kg2 Qxe4+ 32. Kg1 h5 33. Qxa6 h4 34. Qc8 Qb1+ 35. Kg2 Qxb3 36. Qxc6 Qd3 37. Qe6 h3+ 38. Kxh3 Qf1+ 39. Kg4 Qxf2 40. Nd6 Qe2+ 41. Kh3 Qf1+ 42. Kh4 g5+ 43. Kg4 Qd1+ 44. Kh3 Qxd6 45. Qf5 Ng7 46. Qh7 Qe6+ 47. Kg2 e4 48. Qh8+ Kf7 49. Qh7 e3 50. Qd3 e2 0-1


[Site "https://www.chess.com"]

[Event "Titled Tuesday Blitz December 20 Early 2022"]
[White "The_filthy"]
[Black "Emily_Dawn"]
[WhiteElo "2377"]
[BlackElo "1878"]
[Result "1-0"]
[Round "05"]
[TimeControl "180+2"]
[Date "2022.12.20"]
[WhiteClock "0:00:24"]
[BlackClock "0:00:07"]

1. e4 c5 2. d4 cxd4 3. c3 dxc3 4. Nxc3 Nc6 5. Nf3 d6 6. Bc4 a6 7. O-O Nf6 8. Qe2 Bg4 9. h3 Bxf3 10. Qxf3 Ne5 11. Qe2 Nxc4 12. Qxc4 Rc8 13. Qd3 g6 14. Rd1 Bg7 15. Qe2 Qa5 16. Bd2 O-O 17. Nd5 Qd8 18. Bg5 Nxd5 19. exd5 Re8 20. Rac1 Rxc1 21. Rxc1 Qb6 22. h4 h6 23. Bf4 Qd4 24. Bxd6 Qxd5 25. Bg3 Qxa2 26. Rc7 Qxb2 27. Qe4 Bf6 28. Rxb7 Qa1+ 29. Kh2 a5 30. h5 Qd4 31. Qc6 Rd8 32. hxg6 fxg6 33. Qe6+ Kg7 34. Rxe7+ Bxe7 35. Qxe7+ Kg8 36. Qe6+ Kf8 37. Qxg6 a4 38. Qxh6+ Qg7 39. Qh4 Ra8 40. Bf4 a3 41. Bh6 Qxh6 42. Qxh6+ Kf7 43. Qh7+ Kf6 44. Qh6+ Kf5 45. g4+ Ke4 46. Qc6+ 1-0


[Site "https://www.chess.com"]

[Event "Titled Tuesday Blitz December 20 Early 2022"]
[White "TheoSlade"]
[Black "Benamar, Benious"]
[BlackFideId "45118841"]
[WhiteElo "2571"]
[BlackElo "1136"]
[Result "1-0"]
[Round "05"]
[TimeControl "180+2"]
[Date "2022.12.20"]
[WhiteClock "0:00:25"]
[BlackClock "0:00:02"]

1. d4 d6 2. Nf3 Bg4 3. e4 Nf6 4. Nc3 e6 5. h3 Bh5 6. Qe2 c6 7. g4 Bg6 8. h4 h5 9. g5 Nfd7 10. Be3 d5 11. Nd2 Be7 12. O-O-O b5 13. Bg2 b4 14. Ncb1 Qa5 15. f4 dxe4 16. Bxe4 Bxe4 17. Nxe4 Qxa2 18. g6 fxg6 19. Qg2 Nf8 20. Nc5 Qd5 21. Qg3 Nbd7 22. Nxd7 Kxd7 23. Nd2 a5 24. Nf3 a4 25. Ne5+ Kc8 26. Qf3 Qxf3 27. Nxf3 a3 28. b3 Kb7 29. Ne5 Kc7 30. Rdg1 Bf6 31. Nxg6 Nxg6 32. Rxg6 Rad8 33. Rf1 a2 34. Kb2 Rxd4 35. Rxf6 Re4 36. Rf7+ Kb8 37. Bb6 1-0


[Site "https://www.chess.com"]

[Event "Titled Tuesday Blitz December 20 Early 2022"]
[White "Tobias_Koelle"]
[Black "Karttunen, Mika"]
[BlackFideId "502081"]
[WhiteElo "2779"]
[BlackElo "2490"]
[Result "1/2-1/2"]
[Round "05"]
[TimeControl "180+2"]
[Date "2022.12.20"]
[WhiteClock "0:00:20"]
[BlackClock "0:00:20"]

1. Nf3 Nf6 2. c4 e6 3. Nc3 d5 4. e3 c5 5. cxd5 Nxd5 6. Bb5+ Bd7 7. Bxd7+ Qxd7 8. Ne5 Qc7 9. Qa4+ Nd7 10. Nxd5 exd5 11. d4 Bd6 12. Nxd7 Qxd7 13. Qxd7+ Kxd7 14. dxc5 Bxc5 15. O-O Ke6 16. Bd2 Rac8 17. Bc3 f6 18. Rfd1 Bd6 19. Bd4 a6 20. Rd2 Be5 21. Rad1 Bxd4 22. Rxd4 Rc5 23. g3 a5 24. Kg2 Rhc8 25. h4 h5 26. R1d3 R8c6 27. b4 axb4 28. Rxb4 b5 29. Rdb3 Ra6 30. a3 Ra5 31. Kf3 Ke5 32. Ke2 Rc2+ 33. Kf3 Rc5 34. Rd3 Rc4 35. Rb2 Rca4 36. Rbd2 b4 37. axb4 Rxb4 38. Rc2 Rb7 39. Rc8 Re7 40. Rd8 Rb5 41. Rd4 Ke6 42. Kf4 Ra5 43. f3 Rb5 44. Rh8 g6 45. Rg8 Kf7 46. Rd8 Ke6 47. Ra4 Kf7 48. Rd6 Rc5 49. Rd4 Re5 50. g4 hxg4 51. fxg4 g5+ 52. hxg5 Rxg5 53. Rd7+ Ke6 54. Ra7 Re5 55. Ra6+ Kf7 56. Rb4 Rc3 57. Rbb6 Rcxe3 58. Rxf6+ Ke7 59. Rfb6 R3e4+ 60. Kg3 Kf7 61. Rd6 d4 62. Ra4 Re3+ 63. Kh4 d3 64. Rad4 Ke7 65. Rd7+ Ke8 66. Rd8+ Ke7 67. R4d7+ Ke6 68. Rd4 Ke7 69. R8d6 R5e4 70. Rxd3 Rxd3 71. Rxd3 Kf7 72. Kh5 Re6 73. Rd8 Kg7 74. Rd7+ Kg8 75. Kg5 Ra6 76. Kf5 Rb6 77. Re7 Ra6 78. Kg5 Rb6 79. Re5 Ra6 80. Rf5 Rb6 81. Rf6 Rb5+ 82. Kh6 Rb1 83. Ra6 Rb8 84. Kg6 Rc8 85. Re6 Rb8 86. Kh6 Ra8 87. Rg6+ Kh8 88. Rf6 Kg8 89. Rb6 Rd8 90. g5 Rc8 91. Rd6 Rb8 92. Kg6 Ra8 93. Re6 Rb8 94. Kf6 Rc8 95. Ke7 Ra8 96. Rd6 Ra7+ 97. Kf6 Ra8 98. Rd7 Rb8 99. Kf5 Ra8 100. Kg4 Rb8 101. Kh5 Ra8 102. Rb7 Rc8 103. Kh6 Rd8 104. Rc7 Re8 105. Rd7 Ra8 106. Rg7+ Kh8 107. Rf7 Kg8 108. Rf6 Kh8 109. Kg6 Kg8 110. Re6 Rb8 111. Ra6 Rc8 112. Ra7 Rb8 113. Rg7+ Kh8 114. Rd7 Kg8 115. Kf6 Rb6+ 116. Kf5 Ra6 117. Re7 Rb6 118. Kg4 Ra6 119. Rb7 Rc6 120. Kh5 Rd6 121. Rc7 Ra6 122. Rc5 Rb6 123. Kg4 Ra6 124. Kf5 Kg7 125. Rc7+ Kg8 126. Re7 Rb6 127. Ke5 Ra6 128. Rb7 Rc6 129. Rb1 Ra6 130. Rf1 Rb6 131. Rf6 Rb8 132. Ke6 Rb6+ 133. Ke7 Rb7+ 134. Kd6 Rb6+ 135. Ke5 Rb8 136. Kf5 Ra8 137. Kg6 Rb8 138. Kh6 Rc8 139. g6 Ra8 140. Rc6 Rd8 141. g7 Ra8 142. Kg6 Rb8 143. Rf6 Ra8 144. Kh6 Rb8 145. Rf8+ Rxf8 146. gxf8=Q+ Kxf8 1/2-1/2


[Site "https://www.chess.com"]

[Event "Titled Tuesday Blitz December 20 Early 2022"]
[White "TokChess"]
[Black "Kildepiotr"]
[WhiteElo "2504"]
[BlackElo "2682"]
[Result "1-0"]
[Round "05"]
[TimeControl "180+2"]
[Date "2022.12.20"]
[WhiteClock "0:00:09"]
[BlackClock "0:00:47"]

1. c4 e5 2. g3 Nf6 3. Bg2 d5 4. cxd5 Nxd5 5. Nc3 Nb6 6. Nf3 Nc6 7. O-O Be7 8. a3 O-O 9. d3 Be6 10. b4 a5 11. b5 Nd4 12. Bb2 Bb3 13. Qd2 f6 14. Rfc1 Qd7 15. Nxd4 exd4 16. Ne4 Na4 17. h4 Rfd8 18. Rab1 Ba2 19. Ra1 Bd5 20. Qc2 Qxb5 21. Rab1 Ba2 22. Bxd4 Bxb1 23. Rxb1 Qd7 24. Ba1 Rab8 25. h5 b5 26. h6 f5 27. Qb3+ Qd5 28. Nf6+ Bxf6 29. Bxd5+ Kf8 30. hxg7+ Bxg7 31. Bxg7+ Kxg7 32. Qc2 c5 33. Bc6 c4 34. Rxb5 Rxb5 35. Bxb5 Nc5 36. Bxc4 Nd7 37. Qc3+ Nf6 38. Qxa5 Rd7 39. Qe5 Kg6 40. a4 Rb7 41. Be6 h6 42. Qxf5+ Kg7 43. Bc4 Ra7 44. a5 Re7 45. Qf3 Re5 46. a6 Ra5 47. Qb7+ Kg6 48. a7 1-0


[Site "https://www.chess.com"]

[Event "Titled Tuesday Blitz December 20 Early 2022"]
[White "Tologon tegin, Semetei"]
[Black "Nau, Guenter"]
[WhiteFideId "13800574"]
[BlackFideId "4661419"]
[WhiteElo "2372"]
[BlackElo "2205"]
[Result "1-0"]
[Round "05"]
[TimeControl "180+2"]
[Date "2022.12.20"]
[WhiteClock "0:00:06"]
[BlackClock "0:00:04"]

1. e4 c5 2. Nf3 Nc6 3. d4 cxd4 4. Nxd4 Qb6 5. Nb3 Nf6 6. Nc3 e6 7. Be3 Qc7 8. a3 a6 9. f4 d6 10. Qf3 Be7 11. g4 b5 12. g5 Nd7 13. h4 Bb7 14. O-O-O Nb6 15. h5 Nc4 16. Bxc4 bxc4 17. Nd4 O-O-O 18. g6 hxg6 19. hxg6 Nxd4 20. Bxd4 f6 21. f5 exf5 22. Qxf5+ Qd7 23. Qa5 Rde8 24. Nd5 Bxd5 25. Qxd5 Qb7 26. Qxc4+ Kb8 27. Bc3 Bd8 28. Rxh8 Rxh8 29. Bb4 Bc7 30. Qf7 Qxe4 31. Qxg7 Rh2 32. Bd2 Kb7 33. Qf7 Rg2 34. g7 Qg6 35. Qd5+ Ka7 36. Be3+ Kb8 37. Qb3+ Kc8 38. Qe6+ Kb7 39. Qd5+ Kc8 40. Qxg2 Qxg2 41. Rg1 1-0


[Site "https://www.chess.com"]

[Event "Titled Tuesday Blitz December 20 Early 2022"]
[White "Tsigelnitskiy, Ilusha"]
[Black "Ivan11Martic"]
[WhiteFideId "4132971"]
[WhiteElo "2342"]
[BlackElo "2528"]
[Result "0-1"]
[Round "05"]
[TimeControl "180+2"]
[Date "2022.12.20"]
[WhiteClock "0:00:24"]
[BlackClock "0:01:04"]

1. Nf3 Nf6 2. g3 e6 3. Bg2 d5 4. d4 c5 5. c4 Nc6 6. O-O cxd4 7. Nxd4 Be7 8. Nc3 O-O 9. cxd5 exd5 10. Nxc6 bxc6 11. b3 Re8 12. Bb2 Bg4 13. Re1 Qd7 14. Qd2 Bh3 15. Bh1 Rad8 16. e3 h5 17. Rac1 h4 18. Na4 hxg3 19. hxg3 Rc8 20. Nc5 Qf5 21. Qd3 Qh5 22. Qd4 Bg4 23. Nd7 Bxd7 24. Bg2 Bf8 25. f3 c5 26. Qf4 Rc6 27. Kf2 Bd6 28. Qa4 Qg5 29. f4 Ng4+ 30. Kg1 Qh5 31. e4 Qh2+ 32. Kf1 Qxg3 33. Re2 Bxf4 34. Rc3 Ne3+ 35. Rcxe3 Bxe3 36. exd5 Rf6+ 0-1


[Site "https://www.chess.com"]

[Event "Titled Tuesday Blitz December 20 Early 2022"]
[White "Tsyhanchuk_Stanislav"]
[Black "guillembaches"]
[WhiteElo "2335"]
[BlackElo "2464"]
[Result "0-1"]
[Round "05"]
[TimeControl "180+2"]
[Date "2022.12.20"]
[WhiteClock "0:00:50"]
[BlackClock "0:01:49"]

1. e4 c5 2. Nf3 d6 3. d4 cxd4 4. Nxd4 Nf6 5. Nc3 Nc6 6. Be3 Ng4 7. Bg5 Qb6 8. Bb5 Bd7 9. Bxc6 bxc6 10. O-O Qxb2 11. Qd2 Qb6 12. Rab1 Qc5 13. Na4 Qc4 14. Rb4 Qa6 15. Rfb1 Rc8 0-1


[Site "https://www.chess.com"]

[Event "Titled Tuesday Blitz December 20 Early 2022"]
[White "Ural_bogatyr"]
[Black "Dela Cruz, Noel"]
[BlackFideId "5207649"]
[WhiteElo "2615"]
[BlackElo "2241"]
[Result "0-1"]
[Round "05"]
[TimeControl "180+2"]
[Date "2022.12.20"]
[WhiteClock "0:00:52"]
[BlackClock "0:01:25"]

1. d4 f5 2. h3 Nf6 3. g4 d5 4. Bg2 fxg4 5. hxg4 Bxg4 6. Qd3 e6 7. Qb5+ Nc6 8. c3 a6 9. Qd3 Be7 10. Bg5 Qd7 11. f3 Bf5 12. e4 Bg6 13. Nd2 O-O-O 14. Qe3 Rhf8 15. Bh3 Kb8 16. O-O-O h6 17. Bh4 Nh5 18. Bxe7 Qxe7 19. Ne2 e5 20. Rhg1 exd4 21. Nxd4 Nxd4 22. Qxd4 Nf4 23. Bf1 dxe4 24. Qa4 e3 0-1


[Site "https://www.chess.com"]

[Event "Titled Tuesday Blitz December 20 Early 2022"]
[White "Volkov, Nikolay Nik."]
[Black "annacramling"]
[WhiteFideId "4176626"]
[WhiteElo "2123"]
[BlackElo "2219"]
[Result "1-0"]
[Round "05"]
[TimeControl "180+2"]
[Date "2022.12.20"]
[WhiteClock "0:00:54"]
[BlackClock "0:00:02"]

1. Nf3 d5 2. g3 c5 3. Bg2 Nc6 4. d4 cxd4 5. Nxd4 e5 6. Nxc6 bxc6 7. O-O Nf6 8. c4 Be7 9. Qa4 O-O 10. Qxc6 Bd7 11. Qa6 Be6 12. Rd1 Qc7 13. cxd5 Bxd5 14. Nc3 Bc4 15. Qa4 Rad8 16. Be3 Ng4 17. Qxa7 Qxa7 18. Bxa7 Ra8 19. Bxa8 Rxa8 20. Rd7 Kf8 21. Rb7 Bd6 22. Ne4 Nxf2 23. Kxf2 1-0


[Site "https://www.chess.com"]